 Dungeon Crawl Stone Soup version 0.29.0-4-gdea44cf6ec (webtiles) character file.

Game seed: 12151532661621254147

98 qw the Sneak (level 4, -1/28 HPs)
             Began as a Gargoyle Delver on Sept 10, 2022.
             Slain by a jackal (2 damage)
             ... on level 5 of the Dungeon.
             The game lasted 00:00:03 (163 turns).

qw the Sneak (Gargoyle Delver)                       Turns: 163, Time: 00:00:04

Health: -1/28      AC:  6    Str: 18    XL:     4   Next: 71%
Magic:  4/4        EV: 11    Int: 10    God:
Gold:   17         SH:  0    Dex: 11    Spells: 3/3 levels left

rFire   . . .      SeeInvis .   a - +0 hand axe
rCold   . . .      Faith    .   (no shield)
rNeg    + . .      Spirit   .   b - +0 leather armour
rPois   inf        Reflect  .   (no helmet)
rElec   +          Harm     .   (no cloak)
rCorr   .          Rampage  .   (no gloves)
Will    .....                   (no boots)
Stlth   +++.......              (no amulet)
HPRegen 0.09/turn               (no ring)
MPRegen 0.09/turn               (no ring)

@: no status effects
A: sickness immunity, AC +3, negative energy resistance 1, electricity
resistance, torment resistance 1, petrification resistance
a: no special abilities


You were on level 5 of the Dungeon.
You visited 1 branch of the dungeon, and saw 1 of its levels.

You collected 17 gold pieces.


Innate Abilities, Weirdness & Mutations

You are immune to sickness and miasma.
Your stone body is resilient. (AC +3)
You are immune to poison.
You resist negative energy. (rN+)
You are resistant to electric shocks. (rElec)
You are resistant to unholy torment.
You are immune to petrification.


   Skills:
 - Level 3.2 Fighting
 + Level 4.3 Axes
 - Level 1.5 Dodging
 - Level 5.4 Stealth


You had 3 spell levels left.
You didn't know any spells.
Your spell library was empty.

Inventory:

Hand Weapons
 a - a +0 hand axe (weapon)
 j - a +0 flail
Missiles
 i - 2 boomerangs (quivered)
Armour
 b - a +0 leather armour (worn)
 k - a +0 pair of gloves
Wands
 g - a wand of digging (3)
Scrolls
 c - a scroll of fog
 d - a scroll of magic mapping
 e - a scroll of fear
Potions
 f - a potion of haste

Dungeon Overview and Level Annotations

Branches:
Dungeon (5/15)
 Temple: D:4-7

Altars:


Message History

The black bear bites you. The black bear closely misses you.
The black bear claws you.
A jackal comes into view.
The black bear bites you but does no damage.
The black bear claws you but does no damage. x2
The jackal barks!
You hit the black bear.
The black bear is heavily wounded.
You hear a bark!
The black bear closely misses you.
The black bear claws you but does no damage. x2
You hit the black bear.
The black bear is severely wounded.
The black bear bites you. The black bear closely misses you.
The black bear barely misses you.
You slash the black bear!
The black bear is almost dead.
The black bear goes berserk!
A jackal comes into view.
The jackal barks!
You slash the black bear!
You kill the black bear!
A jackal comes into view.
The jackal closely misses you.
Your Axes skill gained 2 levels and is now at level 4!
You have reached level 3!
Your experience leads to an increase in your attributes!
Increase (S)trength, (I)ntelligence, or (D)exterity?
You feel stronger. x2; You have reached level 4!
You feel stronger.
You hit the jackal.
The jackal is severely wounded.
The jackal barely misses you.
You barely miss the jackal.
The jackal is severely wounded.
The jackal bites you but does no damage.
The jackal bites you.
You barely miss the jackal.
The jackal is severely wounded.
The jackal barely misses you. The jackal bites you.
You die...

......#..#####
......#..##..#....#
......#...#..#....#
......#...#..#....#
......#...#..#....#
......#...'..#....#
......#...#..#....#
......'..##..#.hhh##+#..
......#..##..###@.......
#######........#........
..............^'........
.........##....#........
.........###########+#..
.....##..# . .....#####
.....# .....#


You could see 3 jackals.

Vanquished Creatures
  A black bear (D:5)
  An adder (D:5)
  A jackal (D:5)
3 creatures vanquished.

Notes
Turn   | Place    | Note
-------+----------+-------------------------------------------
     0 | D:5      | qw the Gargoyle Delver began the quest for the Orb.
     0 | D:5      | Reached XP level 1. HP: 14/14 MP: 1/1
     0 | D:5      | 0 ||| qw: Version: 0.1-a-117-gfe26ee0
     0 | D:5      | 0 ||| qw: Game counter: 9663
     0 | D:5      | 0 ||| qw: Always use a shield: true
     0 | D:5      | 0 ||| qw: God list: Okawaru
     0 | D:5      | 0 ||| qw: Allow faded altars: false
     0 | D:5      | 0 ||| qw: Do Orc after D:15 true
     0 | D:5      | 0 ||| qw: Do second Lair branch before Depths: true
     0 | D:5      | 0 ||| qw: Lair rune preference: random
     0 | D:5      | 0 ||| qw: Plans: Normal
     0 | D:5      | 0 ||| PLANNING D:1-11
    47 | D:5      | Reached XP level 2. HP: 16/19 MP: 2/2
   122 | D:5      | 122 ||| DROPPING +0 mace.
   148 | D:5      | Noticed a black bear
   156 | D:5      | HP: 4/19 [black bear (4)]
   160 | D:5      | Killed a black bear
   161 | D:5      | Reached XP level 3. HP: 2/23 MP: 3/3
   161 | D:5      | Reached XP level 4. HP: 3/28 MP: 4/4
   162 | D:5      | HP: 1/28 [jackal (2)]
   163 | D:5      | Slain by a jackal

Levels and vault maps discovered:
D:5:      layout_gridville, nicolae_elyvilon_peaceful_grove,
          portal_sewer_entry_d, minmay_misc_feat_x, hangedman_decor_points

Skill      XL: |  1  2 |
---------------+-------+-----
Axes           | 2 4 |  4.3
Fighting       | |  3.2
Dodging        | |  1.5
Stealth        | |  5.4

Action                   |  1- 3 |  4- 6 || total
-------------------------+-------+-------++-------
Melee: Hand axe          |    19 |     3 ||    22
Throw: Boomerang         |     3 |       ||     3
Armor: Leather armour    |    12 |     1 ||    13
Dodge: Dodged            |    18 |     2 ||    20

Table legend:
 A = Non-vault XP
 B = Vault XP
 C = Vault XP percentage of total XP
 D = Non-vault monster count
 E = Vault monster count
 F = Vault count percentage of total count
                 A         B        C        D         E       F
            +---------+---------+-------+---------+---------+-------
      Total |     128 |      13 |   9.2 |       2 |       1 |  33.3
            +---------+---------+-------+---------+---------+-------
        D:5 |     128 |      13 |   9.2 |       2 |       1 |  33.3
            +---------+---------+-------+---------+---------+-------
